cohdb
Replays
Latest Replays
All Replays
Popular Replays
Top Player Replays
Match Explorer
How It Works
Community
CoH3 Stats
Reddit
Sign in to upload your games and track your stats! →
Sign in with Steam
Match 41622719
Unlisted
Match 41622719
Overview
Messages
Build Orders
End
Construct Infanterie Kompanie
Grenadier Squad
Grenadier Squad
Selects Luftwaffe Battlegroup
Selects Luftwaffe Pioneer Support
MG 42 Machine Gun Team
Grenadier Squad
Construct Luftwaffe Kompanie
Luftwaffe Officer Quarters
Selects LG40 Recoilless Gun Paradrop
Medical Station
Jäger Squad
Jäger Squad
Jäger Squad
Selects Infantry Reserves
Jäger Squad
Jäger Squad
Jäger Squad
Selects Stuka Strafing Run
Selects Fallschirmjäger Squad Paradrop
Selects Stuka Loiter
Stuka Loiter
Jäger Squad
Stuka Strafing Run
Jamin
silentbreacher
0
0
Comments
sign in to comment!
No comments posted yet!